Map: Pylon LE

Players

NullObject

  • Race: Protoss Protoss
  • League: Platinum
  • Spawn Location: 11:00

SubN - Winner!

  • Race: Zerg Zerg
  • League: Diamond
  • Spawn Location: 5:00

VOD

Have the link to the VOD?

Description

Time

  • Played on: July 28, 2025, 5:43 p.m.
  • Length: 10:51
Show
View Real Time Build Order
Export as new Build Order

NullObject Protoss 

Build Orders:  

Get SALT Encoding   

  12  0:00  Probe  
  13  0:13  Probe  
  14  0:20  Pylon  
  14  0:25  Probe  
  15  0:37  Probe  
  15  0:40  Gateway  
  16  0:45  Probe  
  17  0:51  Pylon  
  17  0:53  Probe  
  18  1:05  Probe  
  19  1:13  Probe  
  19  1:14  Forge  
  20  1:21  Probe  
  20  1:25  Assimilator  
  21  1:30  Assimilator  
  21  1:31  Probe  
  21  1:32  Zealot  
  24  1:46  Cybernetics Core, Probe  
  25  1:56  Photon Cannon  
  25  1:57  Probe  
  26  2:05  Probe  
  26  2:13  Probe  
  28  2:26  Probe, Nexus  
  29  2:38  Probe  
  29  2:39  Pylon  
  29  2:41  Warp Gate  
  30  2:48  Pylon  
  30  2:50  Probe  
  31  2:54  Stalker  
  33  3:01  Pylon  
  33  3:02  Probe  
  34  3:10  Gateway  
  34  3:17  Probe  
  34  3:19  Twilight Council  
  34  3:25  Probe  
  34  3:26  Sentry  
  38  3:34  Probe  
  38  3:35  Robotics Facility  
  38  3:37  Probe  
  40  3:46  Probe  
  41  3:49  Probe  
  42  3:58  Probe  
  43  4:03  Probe  
  43  4:04  Protoss Ground Weapons Level 1  
  43  4:07  Assimilator  
  43  4:09  Assimilator, Charge  
  44  4:10  Probe  
  44  4:16  Dark Shrine  
  45  4:18  Gateway  
  45  4:19  Probe  
  45  4:23  Probe  
  47  4:28  Pylon  
  47  4:31  Probe  
  47  4:35  Probe  
  49  4:43  Probe  
  50  4:47  Probe  
  50  4:51  Observer  
  52  4:56  Probe  
  52  4:57  Gateway  
  52  4:59  Probe  
  54  5:03  Photon Cannon  
  54  5:06  Photon Cannon  
  54  5:08  Probe  
  54  5:11  Probe  
  54  5:13  Shadow Stride, Gateway  
  56  5:15  Forge  
  56  5:20  Probe  
  57  5:23  Probe  
  57  5:26  Stalker x3  
  64  5:30  Observer  
  64  5:32  Probe  
  64  5:35  Probe  
  66  5:44  Probe  
  66  5:47  Probe  
  68  5:56  Probe  
  69  5:57  Dark Templar x2  
  69  5:58  Dark Templar, Protoss Ground Armor Level 1  
  69  5:59  Probe  
  76  6:13  Stalker  
  78  6:53  Probe x2  
  77  7:15  Probe  
  78  7:16  Probe  
  77  7:27  Probe  
  78  7:37  Nexus  
  78  7:40  Pylon, Assimilator  
  78  7:41  Assimilator  
  78  7:43  Pylon  
  78  7:45  Pylon  
  78  7:47  Pylon  
  78  7:51  Blink  
  78  7:58  Probe x2  
  80  7:59  Pylon  
  80  8:01  Pylon  
  80  8:03  Pylon  
  80  8:04  Pylon  
  80  8:07  Pylon  
  80  8:10  Gateway, Probe  
  80  8:12  Gateway  
  81  8:14  Gateway  
  81  8:15  Templar Archives  
  81  8:18  Probe  
  82  8:22  Probe  
  82  8:23  Immortal  
  82  8:27  Robotics Bay  
  87  8:30  Probe, Robotics Facility  
  87  8:32  Gateway  
  87  8:34  Gateway  
  88  8:37  Gateway  
  88  8:39  Gateway  
  88  8:40  Gateway  
  88  8:42  Gateway  
  88  8:43  Dark Templar x4  
  88  8:44  Dark Templar  
  73  9:02  Observer  
  70  9:06  Extended Thermal Lance  
  68  9:19  Colossus  
  68  9:20  Immortal  
  78  9:35  Stalker  
  78  9:36  Stalker x5  
  78  9:37  Stalker x2  
  83  9:48  Dark Templar  
  69  9:54  Zealot x4  
  69  9:56  Dark Templar  
  76  10:04  Dark Templar  
  74  10:22  Probe  
  74  10:23  Probe  
  64  10:36  Probe x2  
Show
View Real Time Build Order
Export as new Build Order

SubN Zerg - Winner!

Build Orders: Hatch First 

Get SALT Encoding   

  12  0:00  Drone  
  13  0:12  Overlord  
  13  0:17  Drone  
  14  0:30  Drone x2  
  16  0:46  Hatchery  
  16  0:50  Drone  
  16  0:52  Drone  
  17  0:57  Drone  
  17  1:03  Extractor  
  17  1:13  Spawning Pool  
  17  1:15  Drone  
  17  1:18  Drone  
  18  1:27  Drone  
  19  1:38  Overlord  
  19  2:00  Queen  
  19  2:01  Queen  
  21  2:03  Zergling x2  
  21  2:04  Zergling x4  
  26  2:13  Drone  
  27  2:30  Metabolic Boost  
  27  2:33  Hatchery  
  27  2:34  Drone  
  27  2:35  Drone  
  28  2:44  Drone x2  
  30  2:53  Queen  
  32  3:15  Drone x4  
  36  3:23  Roach Warren  
  36  3:26  Overlord  
  35  3:34  Lair  
  35  3:39  Overlord  
  35  3:44  Queen  
  37  3:53  Drone x6  
  43  3:59  Baneling Nest  
  43  4:01  Overlord  
  42  4:09  Queen  
  44  4:21  Drone  
  44  4:23  Drone x3, Extractor  
  47  4:31  Glial Reconstitution  
  47  4:33  Roach  
  47  4:34  Roach x3  
  55  4:40  Overseer  
  55  4:45  Drone x3  
  58  4:47  Overlord  
  58  5:01  Overlord  
  58  5:06  Drone  
  58  5:07  Drone x6  
  60  5:12  Centrifugal Hooks  
  65  5:14  Evolution Chamber  
  65  5:15  Evolution Chamber  
  63  5:22  Extractor  
  63  5:24  Extractor  
  63  5:27  Drone x2  
  63  5:31  Drone  
  63  5:32  Drone  
  63  5:34  Queen  
  67  5:40  Zerg Missile Weapons Level 1  
  67  5:42  Zerg Melee Weapons Level 1  
  66  5:49  Overlord  
  65  5:51  Drone x4  
  65  5:53  Ravager  
  70  6:05  Drone x3  
  70  6:07  Ravager  
  70  6:08  Ravager  
  70  6:11  Ravager  
  76  6:14  Overlord  
  76  6:19  Zergling x2  
  76  6:20  Zergling x6  
  79  6:28  Overlord x2  
  79  6:40  Spine Crawler  
  79  6:43  Spine Crawler  
  71  7:27  Overseer  
  71  7:28  Overseer  
  66  7:35  Drone  
  66  7:36  Drone x2  
  66  7:37  Drone x2  
  71  7:38  Drone x2  
  71  7:39  Drone x2  
  71  7:40  Queen  
  77  7:56  Overlord  
  77  7:57  Overlord x2  
  77  7:59  Roach x2  
  77  8:00  Roach x2  
  77  8:01  Zergling x24  
  77  8:05  Baneling x2  
  97  8:06  Baneling x4  
  97  8:07  Overseer  
  97  8:08  Overseer  
  97  8:14  Zerg Melee Weapons Level 2, Zerg Missile Weapons Level 2  
  97  8:18  Drone x8  
  105  8:22  Overseer  
  105  8:34  Infestation Pit  
  105  8:38  Spire  
  103  8:47  Hatchery  
  91  9:02  Zergling x8  
  95  9:03  Zergling x22  
  104  9:18  Roach  
  104  9:19  Roach x3  
  113  9:24  Drone  
  113  9:25  Overlord x3  
  113  9:26  Overlord x3  
  108  9:51  Roach  
  108  9:52  Roach x10  
  127  9:58  Overseer  
  127  9:59  Overlord  
  121  10:07  Queen  
  110  10:11  Drone x2  
  110  10:14  Extractor  
  113  10:15  Zergling x16, Extractor  
  118  10:22  Overlord x3  
  116  10:32  Zergling x14  
Tags
 
Matchup
PvZ
Replay Pack
Multiplayer
Spawn Locations
Cross Positions
Add a new tag
Caveats
  • Supply blocks, unpowered buildings, or Contaminate may cause inaccurate times.
  • Supply counts are checked every 10 seconds.